 Dungeon Sprint DCSS version 0.17-a0-1667-g4ca74a1 (webtiles) character file.

15554 Kidiri the Unseen (level 12, -2/56 HPs)
             Began as a Spriggan Enchanter on Aug 17, 2015.
             Was the Champion of Dithmenos.
             Slain by an anaconda (3 damage)
             ... in the Dungeon (Sprint III: "The Ten Rune Challenge").
             The game lasted 00:14:59 (3279 turns).

Kidiri the Unseen (Spriggan Enchanter)              Turns: 3279, Time: 00:15:00

Health: -2/56      AC:  3    Str:  4    XL:     12   Next: 2%
Magic:  17/33      EV: 32    Int: 19    God:    Dithmenos [******]
Gold:   50         SH:  0    Dex: 19    Spells: 5 memorised, 31 levels left

rFire  . . .     SeeInvis +     a - +1 dagger
rCold  . . .     Clarity  .     b - +1 robe
rNeg   . . .     SustAt   .     (shield restricted)
rPois  .         Gourm    .     (helmet restricted)
rElec  .         Spirit   .     (no cloak)
rCorr  .         Warding  .     (gloves unavailable)
rMut   .         NoTele   +     (boots unavailable)
MR     ++...                    (no amulet)
Stlth  ++++++++++               (no ring)
                                (no ring)

@: wreathed by umbra, constricted, very quick, very resistant to hostile
enchantments, uncannily stealthy
A: unfitting armour, antennae 1, see invisible, herbivore 3, speed 3, robust 1,
screaming 1, slow metabolism 2
a: Shadow Step, Shadow Form, Renounce Religion


You were in the Dungeon.
You worshipped Dithmenos.
Dithmenos was exalted by your worship.
You were not hungry.

You visited 1 branch You collected 50 gold pieces.

Inventory:

Hand weapons
 a - a +1 dagger (weapon)
Armour
 b - a +1 robe (worn)
Magical devices
 f - a wand of digging (10)
 k - a wand of polymorph (9)
Scrolls
 j - a scroll of blinking
 l - a scroll of holy word
 n - 2 scrolls of remove curse
 r - a scroll of torment {unknown}
Potions
 e - a potion of might
 g - a potion of haste
 i - 2 potions of berserk rage
 p - 4 potions of cure mutation
 q - 4 potions of flight
Comestibles
 c - 25 royal jellies
 d - 2 bread rations
 o - 12 fruits


   Skills:
 + Level 10.8 Short Blades
 * Level 18.5 Dodging
 * Level 20.1 Stealth
 * Level 16.0 Spellcasting
 + Level 7.3 Conjurations
 + Level 12.1 Hexes
 + Level 8.1 Ice Magic
 - Level 4.2 Invocations


You had 31 spell levels left.
You knew the following spells:

 Your Spells              Type           Power        Failure   Level  Hunger
a - Corona                Hex            ######.      1%          1    None
b - Ensorcelled Hibernat  Hex/Ice        ######       1%          2    None
c - Confuse               Hex            ######..     1%          3    None
d - Tukima's Dance        Hex            ######..     1%          3    None
e - Dazzling Spray        Conj/Hex       ######..     1%          3    None


Dungeon Overview and Level Annotations

Branches:
Dungeon (1/1)

Altars:
Cheibriados
Dithmenos
Elyvilon
Fedhas
Gozag
Kikubaaqudgha
Makhleb
Nemelex Xobeh
Okawaru
Qazlal
Ru
Sif Muna
Trog
Vehumet
Xom
Yredelemnul
Zin
The Shining One
Jiyva
Lugonu


Innate Abilities, Weirdness & Mutations

You are tiny and cannot use many weapons and most armour.
You have supernaturally acute eyesight.
You are a herbivore.
You cover ground extremely quickly.
You need consume almost no food.
You have a pair of small antennae on your head.
You are robust (+10% HP).
You occasionally shout uncontrollably at your foes.


Message History

The spray of energy hits the black mamba.
The black mamba is moderately wounded.
The spray of energy misses the anaconda.
The anaconda completely misses you. x4
The anaconda closely misses you. The anaconda completely misses you.
The black mamba misses you. The anaconda completely misses you. x2
Casting: Dazzling Spray
Confirm with . or Enter, or press ? or * to list all spells.
Aiming: Dazzling Spray
Press: ? - help, Shift-Dir - straight line, f/p - anaconda
Aim: an anaconda (black smoke, umbra)
The spray of energy hits the anaconda.
The anaconda is lightly wounded.
The spray of energy misses the anaconda.
The anaconda grabs you. The anaconda misses you. The anaconda constricts you.
The anaconda bites you!
* * * LOW HITPOINT WARNING * * *
You emit a cloud of dark smoke.
The anaconda completely misses you.
You die...

♣♣.##.##.)#≈..+#######
♣♣.##.#####...#....))#
♣.....##......#♣♣♣._)#
########'#############
#.......%...##
#............#
###########..#
##.§§SS§.....#
#..§SS@§....##
#.§##########
#.....S... ##.....S..
#########


You could see 2 anacondas and 2 black mambas.

Vanquished Creatures
  Maud (D)
  Snorg (D)
  2 hydras (D)
  5 anacondas (D)
  A centaur warrior (D)
  A death drake (D)
  2 unseen horrors (D)
  A spriggan druid (D)
  A lindwurm (D)
  A black mamba (D)
  2 spiny frogs (D)
  A komodo dragon (D)
  A deep elf priest (D)
  A queen bee (D)
  3 wandering mushrooms (D)
  A shadow (D)
  3 redbacks (D)
  2 spriggans (D)
  A spatial vortex (D)
  2 water moccasins (D)
  2 centaurs (D)
  An earth elemental (D)
  A necrophage (D)
  2 brain worms (D)
  A water elemental (D)
  32 killer bees (D)
  A jelly (D)
  An electric eel (D)
  A wizard (D)
  Jessica (D)
  A necromancer (D)
  A wolf (D)
  3 humans (D)
  A kobold demonologist (D)
  2 adders (D)
  An ooze (D)
  2 rats (D)
87 creatures vanquished.

Vanquished Creatures (others)
  2 draconian scorchers (D)
  A death yak (D)
  An elephant (D)
  2 yaktaurs (D)
  A blink frog (D)
  An orc high priest (D)
  3 orc priests (D)
  11 plants (D)
22 creatures vanquished.

Grand Total: 109 creatures vanquished

Notes
Turn   | Place    | Note
--------------------------------------------------------------
     0 | D        | Kidiri the Spriggan Enchanter began the quest for the Orb.
     0 | D        | Reached XP level 1. HP: 9/9 MP: 5/5
    15 | D        | Reached skill level 5 in Stealth
   133 | D        | Killed a yaktaur
   193 | D        | Killed a white draconian scorcher
   202 | D        | Killed a white draconian scorcher
   246 | D        | Noticed Jessica
   256 | D        | Killed Jessica
   256 | D        | Reached skill level 5 in Dodging
   256 | D        | Reached skill level 6 in Stealth
   256 | D        | Reached XP level 2. HP: 13/13 MP: 5/8
   256 | D        | Reached XP level 3. HP: 16/16 MP: 6/10
   260 | D        | Learned a level 2 spell: Ensorcelled Hibernation
   264 | D        | Learned a level 3 spell: Confuse
   268 | D        | Learned a level 3 spell: Tukima's Dance
   315 | D        | Noticed a wolf
   346 | D        | Reached skill level 7 in Stealth
   371 | D        | Killed a wolf
   371 | D        | Reached skill level 5 in Spellcasting
   371 | D        | Reached XP level 4. HP: 3/21 MP: 9/12
   376 | D        | Learned a level 3 spell: Dazzling Spray
   416 | D        | Gained mutation: You are somewhat resistant to further mutation. [potion of mutation]
   417 | D        | Lost mutation: You are somewhat resistant to further mutation. [potion of cure mutation]
   418 | D        | Gained mutation: You have a pair of small antennae on your head. [potion of mutation]
   418 | D        | Gained mutation: You have an increased reservoir of magic (+10% MP). [potion of mutation]
   419 | D        | Lost mutation: You have an increased reservoir of magic (+10% MP). [potion of mutation]
   419 | D        | Gained mutation: You occasionally shout uncontrollably at your foes. [potion of mutation]
   419 | D        | Gained mutation: You are robust (+10% HP). [potion of mutation]
   788 | D        | Noticed a water elemental
   791 | D        | Killed a water elemental
   791 | D        | Reached skill level 8 in Stealth
   791 | D        | Reached skill level 1 in Conjurations
   791 | D        | Reached skill level 5 in Hexes
   791 | D        | Reached skill level 1 in Ice Magic
   800 | D        | Noticed a jelly
   801 | D        | Noticed a shadow
   854 | D        | Killed a jelly
   854 | D        | Reached skill level 9 in Stealth
   854 | D        | Reached XP level 5. HP: 10/26 MP: 1/15
   870 | D        | HP: 1/26 [shadow (10)]
   908 | D        | Killed a shadow
   908 | D        | Reached skill level 10 in Stealth
   908 | D        | Reached XP level 6. HP: 8/30 MP: 1/17
  1205 | D        | Found a stormy altar of Qazlal.
  1205 | D        | Found a sacrificial altar of Ru.
  1205 | D        | Found a burning altar of Makhleb.
  1205 | D        | Found a shimmering altar of Xom.
  1205 | D        | Noticed a spatial vortex
  1206 | D        | Found a viscous altar of Jiyva.
  1206 | D        | Found a shadowy altar of Dithmenos.
  1206 | D        | Found a sparkling altar of Nemelex Xobeh.
  1206 | D        | Found a corrupted altar of Lugonu.
  1206 | D        | Found an opulent altar of Gozag.
  1207 | D        | Killed a spatial vortex
  1207 | D        | Reached skill level 5 in Short Blades
  1207 | D        | Reached skill level 11 in Stealth
  1211 | D        | Became a worshipper of Dithmenos the Shadowed
  1236 | D        | Found a radiant altar of Vehumet.
  1237 | D        | Found a deep blue altar of Sif Muna.
  1237 | D        | Found an ancient bone altar of Kikubaaqudgha.
  1237 | D        | Noticed a wizard
  1238 | D        | Killed a wizard
  1238 | D        | Reached skill level 10 in Dodging
  1240 | D        | Reached skill level 1 in Invocations
  1254 | D        | Found a glowing silver altar of Zin.
  1255 | D        | Found a glowing golden altar of the Shining One.
  1255 | D        | Found a white marble altar of Elyvilon.
  1255 | D        | Noticed a deep elf priest
  1257 | D        | Killed a deep elf priest
  1257 | D        | Reached skill level 12 in Stealth
  1257 | D        | Reached XP level 7. HP: 35/35 MP: 18/20
  1269 | D        | Found an iron altar of Okawaru.
  1270 | D        | Found a bloodstained altar of Trog.
  1270 | D        | Noticed a human
  1270 | D        | Noticed a human
  1272 | D        | Killed a human
  1273 | D        | Killed a human
  1290 | D        | Found a snail-covered altar of Cheibriados.
  1290 | D        | Noticed a necrophage
  1291 | D        | Found a basalt altar of Yredelemnul.
  1291 | D        | Found a blossoming altar of Fedhas.
  1291 | D        | Noticed a necromancer
  1296 | D        | Killed a necromancer
  1296 | D        | Acquired Dithmenos's first power
  1296 | D        | Reached XP level 8. HP: 36/39 MP: 18/22
  1299 | D        | Killed a necrophage
  1299 | D        | Reached skill level 10 in Spellcasting
  1472 | D        | Noticed Snorg
  1505 | D        | Killed Snorg
  1505 | D        | Reached skill level 13 in Stealth
  1534 | D        | Killed a yaktaur
  1668 | D        | Noticed an earth elemental
  1671 | D        | Killed an earth elemental
  1671 | D        | Reached skill level 14 in Stealth
  1679 | D        | Noticed a centaur
  1679 | D        | Noticed a centaur warrior
  1679 | D        | Noticed a centaur
  1683 | D        | Killed a centaur
  1683 | D        | Reached XP level 9. HP: 42/42 MP: 18/25
  1686 | D        | Killed a centaur
  1691 | D        | Killed a centaur warrior
  1691 | D        | Acquired Dithmenos's second power
  1691 | D        | Reached skill level 5 in Ice Magic
  1961 | D        | Noticed an unseen horror
  1961 | D        | Noticed an unseen horror
  1962 | D        | Killed an unseen horror
  1962 | D        | Reached skill level 15 in Stealth
  1964 | D        | Killed an unseen horror
  1964 | D        | Reached skill level 5 in Conjurations
  1974 | D        | Noticed a killer bee
  1974 | D        | Noticed a killer bee
  1974 | D        | Noticed a killer bee
  1974 | D        | Noticed a killer bee
  1974 | D        | Noticed a killer bee
  1974 | D        | Noticed a killer bee
  1974 | D        | Noticed a killer bee
  1974 | D        | Noticed a killer bee
  1974 | D        | Noticed a killer bee
  1974 | D        | Noticed a killer bee
  1974 | D        | Noticed a killer bee
  1974 | D        | Noticed a killer bee
  1974 | D        | Noticed a killer bee
  1974 | D        | Noticed a killer bee
  1974 | D        | Noticed a killer bee
  1975 | D        | Noticed a killer bee
  1976 | D        | Noticed a killer bee
  1977 | D        | Noticed a killer bee
  1977 | D        | Noticed a killer bee
  1977 | D        | Noticed a killer bee
  1977 | D        | Killed a killer bee
  1978 | D        | Noticed a killer bee
  1979 | D        | Noticed a killer bee
  1979 | D        | Noticed a killer bee
  1981 | D        | Noticed a killer bee
  1981 | D        | Killed a killer bee
  1981 | D        | Acquired Dithmenos's third power
  1983 | D        | Killed a killer bee
  1983 | D        | Reached XP level 10. HP: 48/48 MP: 17/27
  1985 | D        | Killed a killer bee
  1987 | D        | Noticed a killer bee
  1989 | D        | Noticed a killer bee
  1989 | D        | Noticed a killer bee
  1990 | D        | Killed a killer bee
  1991 | D        | Noticed a killer bee
  1992 | D        | Killed a killer bee
  1993 | D        | Noticed a killer bee
  1994 | D        | Noticed a killer bee
  1994 | D        | Noticed a killer bee
  1994 | D        | Killed a killer bee
  1996 | D        | Killed a killer bee
  1996 | D        | Reached skill level 16 in Stealth
  1997 | D        | Noticed a killer bee
  1999 | D        | Killed a killer bee
  1999 | D        | Acquired Dithmenos's fourth power
  2140 | D        | Killed a killer bee
  2144 | D        | Killed a killer bee
  2147 | D        | Killed a killer bee
  2149 | D        | Killed a killer bee
  2151 | D        | Killed a killer bee
  2155 | D        | Killed a killer bee
  2157 | D        | Killed a killer bee
  2159 | D        | Killed a killer bee
  2161 | D        | Killed a killer bee
  2161 | D        | Reached skill level 10 in Hexes
  2163 | D        | Killed a killer bee
  2293 | D        | Noticed a queen bee
  2294 | D        | Killed a killer bee
  2296 | D        | Killed a queen bee
  2296 | D        | Reached skill level 15 in Dodging
  2299 | D        | Killed a killer bee
  2301 | D        | Killed a killer bee
  2303 | D        | Killed a killer bee
  2305 | D        | Killed a killer bee
  2307 | D        | Killed a killer bee
  2309 | D        | Killed a killer bee
  2311 | D        | Killed a killer bee
  2313 | D        | Killed a killer bee
  2319 | D        | Killed a killer bee
  2321 | D        | Killed a killer bee
  2451 | D        | Killed a killer bee
  2469 | D        | Killed a killer bee
  2551 | D        | Noticed a wandering mushroom
  2552 | D        | Noticed a wandering mushroom
  2552 | D        | Noticed a wandering mushroom
  2553 | D        | Killed a wandering mushroom
  2555 | D        | Killed a wandering mushroom
  2556 | D        | Killed a wandering mushroom
  2556 | D        | Reached skill level 17 in Stealth
  2592 | D        | Noticed a spiny frog
  2592 | D        | Noticed a komodo dragon
  2592 | D        | Noticed a spiny frog
  2596 | D        | Killed a spiny frog
  2599 | D        | Killed a komodo dragon
  2601 | D        | Killed a spiny frog
  2618 | D        | Noticed a redback
  2620 | D        | Killed a redback
  2621 | D        | Noticed a brain worm
  2624 | D        | Killed a brain worm
  2630 | D        | Noticed a brain worm
  2632 | D        | Killed a brain worm
  2637 | D        | Noticed a lindwurm
  2639 | D        | Noticed a redback
  2640 | D        | Killed a lindwurm
  2642 | D        | Killed a redback
  2642 | D        | Reached XP level 11. HP: 51/51 MP: 28/30
  2647 | D        | Noticed a redback
  2648 | D        | Killed a redback
  2649 | D        | Noticed Maud
  2651 | D        | Killed Maud
  2651 | D        | Reached skill level 18 in Stealth
  2656 | D        | Noticed an electric eel
  2657 | D        | Noticed a seven-headed hydra
  2657 | D        | Noticed a five-headed hydra
  2659 | D        | Killed a seven-headed hydra
  2660 | D        | Killed a five-headed hydra
  2660 | D        | Reached skill level 10 in Short Blades
  2664 | D        | Killed an electric eel
  2732 | D        | Noticed a death drake
  2735 | D        | Killed a death drake
  2735 | D        | Reached skill level 15 in Spellcasting
  2758 | D        | Found a blossoming altar of Fedhas.
  2758 | D        | Noticed a spriggan
  2758 | D        | Noticed a spriggan druid
  2758 | D        | Noticed a spriggan
  2761 | D        | Killed a spriggan
  2765 | D        | Killed a spriggan
  2765 | D        | Reached skill level 19 in Stealth
  2765 | D        | Killed a spriggan druid
  2804 | D        | Killed an orc priest
  2806 | D        | Killed an orc priest
  2806 | D        | Killed a blink frog
  2816 | D        | Killed an orc priest
  2828 | D        | Killed a death yak
  2830 | D        | Killed an orc high priest
  2853 | D        | Noticed a water moccasin
  2854 | D        | Noticed an anaconda
  2856 | D        | Killed an anaconda
  2862 | D        | Killed a water moccasin
  2866 | D        | Noticed a black mamba
  2866 | D        | Noticed a water moccasin
  2872 | D        | Killed a black mamba
  2873 | D        | Killed a water moccasin
  2941 | D        | Noticed an anaconda
  2941 | D        | Noticed an anaconda
  2950 | D        | Killed an anaconda
  2952 | D        | Killed an anaconda
  2971 | D        | Killed an elephant
  3263 | D        | Noticed an anaconda
  3263 | D        | Noticed a black mamba
  3263 | D        | Noticed an anaconda
  3263 | D        | Noticed an anaconda
  3263 | D        | Noticed a black mamba
  3263 | D        | Noticed an anaconda
  3265 | D        | Noticed an anaconda
  3269 | D        | Killed an anaconda
  3275 | D        | Killed an anaconda
  3275 | D        | Reached skill level 20 in Stealth
  3275 | D        | Reached XP level 12. HP: 20/56 MP: 22/33
  3279 | D        | HP: 1/56 [anaconda (17)]
  3279 | D        | Slain by an anaconda

Vault maps used:
D:        dungeon_sprint_mu

Action                   |  1- 3 |  4- 6 |  7- 9 | 10-12 || total
-------------------------+-------+-------+-------+-------++-------
Melee: Dagger            |    16 |    40 |    22 |    71 ||   149
       Unarmed           |     8 |       |       |       ||     8
 Cast: Ensorcelled Hiber |     3 |     2 |     6 |    57 ||    68
       Confuse           |     2 |       |     3 |       ||     5
       Corona            |     1 |       |       |       ||     1
       Dazzling Spray    |       |     8 |    13 |     8 ||    29
Invok: Shadow Step       |       |       |       |     7 ||     7
  Use: Potion            |     2 |     6 |       |       ||     8
       Scroll            |       |     3 |       |       ||     3
 Stab: Sleeping          |     3 |     6 |     9 |    56 ||    74
       Confused          |     1 |       |     1 |       ||     2
       Invisible         |       |       |     2 |       ||     2
  Eat: Royal jelly       |       |       |       |     1 ||     1
